 Dungeon Crawl Stone Soup version 0.30.1-11-g7821555f0a (webtiles) character file.

Game seed: 10277746743596538903

293 Hatyri the Trooper (level 6, -4/56 HPs)
             Began as a Minotaur Fighter on Dec 18, 2023.
             Engulfed by a steam dragon's steam (17 damage)
             ... on level 4 of the Dungeon.
             The game lasted 00:06:14 (2953 turns).

Hatyri the Trooper (Minotaur Fighter)               Turns: 2953, Time: 00:06:14

Health: -4/56      AC:  8    Str: 29    XL:     6   Next: 11%
Magic:  5/5        EV: 10    Int:  5    God:
Gold:   143        SH:  9    Dex:  9    Spells: 5/5 levels left

rFire   . . .        a - +3 long sword
rCold   . . .        c - +0 buckler
rNeg    . . .        b - +1 scale mail
rPois   .            (helmet restricted)
rElec   .            (no cloak)
rCorr   .            (no gloves)
SInv    .            (no boots)
Will    .....        h - amulet of reflection Stlth
                     k - +6 ring of strength
HPRegen 0.29/turn    (no ring)
MPRegen 0.09/turn

%: reflection
@: no status effects
A: horns 2, retaliatory headbutt
a: no special abilities


You were on level 4 of the Dungeon.
You visited 1 branch of the dungeon, and saw 4 of its levels.

You collected 143 gold pieces.

Inventory:

Hand Weapons
 a - a +3 long sword (weapon)
Armour
 b - a +1 scale mail (worn)
 c - a +0 buckler (worn)
Jewellery
 h - an amulet of reflection (around neck)
 k - a +6 ring of strength (left hand)
 l - an amulet of the acrobat
 o - a ring of ice
Potions
 d - a potion of might
 e - 4 potions of curing
 g - a potion of brilliance
 i - 3 potions of heal wounds


   Skills:
 + Level 5.2 Fighting
 + Level 4.2 Long Blades
 + Level 5.1 Armour
 + Level 1.1 Dodging
 + Level 0.1 Stealth
 + Level 4.9 Shields


You had 5 spell levels left.
You didn't know any spells.
Your spell library contained the following spells:

 Spells                   Type           Power      Damage    Failure   Level
 Freeze                   Ice            0%         1d3       77%         1
 Frozen Ramparts          Ice            0%         1d1       98%         3
 Hailstorm                Conj/Ice       0%         3d3       98%         3


Dungeon Overview and Level Annotations

Branches:
Dungeon (4/15)
 Temple: D:4-7

Altars:


Innate Abilities, Weirdness & Mutations

You have a pair of horns on your head.
You reflexively headbutt those who attack you in melee.


Message History

a +0 spear; a gnoll corpse
Items here: ))) †.
Things that are here:
a +0 whip; a gnoll corpse
Items here: ))) †.
Okay, then.
Things that are here:
a +0 spear; a gnoll corpse You see here a +0 leather armour.
Found a stone staircase leading down.
Found a stone staircase leading down.
You see here a potion of attraction.
HP restored.
There is a stone staircase leading down here.
As you open the door, it creaks loudly!
A steam dragon comes into view.
The steam dragon hisses angrily.
The steam dragon breathes steam at you. The ball of steam hits you!
The steam dragon bites you. The steam dragon barely misses you.
You hit the steam dragon. Your headbutt misses the steam dragon.
The steam dragon is lightly wounded.
The steam dragon bites you. You block the steam dragon's attack.
You hit the steam dragon but do no damage.
The steam dragon is lightly wounded.
The steam dragon bites you.
The steam dragon claws you but does no damage.
The steam dragon breathes steam at you. The ball of steam hits you!
You slash the steam dragon!
The steam dragon is heavily wounded.
You are engulfed in a cloud of scalding steam.
* * * LOW HITPOINT WARNING * * *
The steam dragon bites you.
* * * LOW HITPOINT WARNING * * *
You block the steam dragon's attack.
You hit the steam dragon.
The steam dragon is heavily wounded.
You are engulfed in a cloud of scalding steam.
You die...

....# .. #...##.#
....#.# #...#.#
#...#.# #§..#.#
##>.. ##D##.#
#...# #@..>.#
#...#
#...[.######..###
#...............#
#............)..#
#...............#
######..........#
#...##......[...#
#...##....!.....#
#...######.<)#####


You could see a steam dragon (catching breath).

Vanquished Creatures
  Sigmund (D:2)
  Robin (D:3)
  2 adders (D:2)
  3 gnolls (D:4)
  3 worms
  A dart slug (D:2)
  2 orcs (D:3)
  5 ball pythons
  3 bats
  8 endoplasms
  6 giant cockroaches
  16 goblins
  7 hobgoblins
  6 kobolds
  A quokka (D:1)
  4 frilled lizards
  4 rats
73 creatures vanquished.

Notes
Turn   | Place    | Note
-------+----------+-------------------------------------------
     0 | D:1      | Hatyri the Minotaur Fighter began the quest for the Orb.
     0 | D:1      | Reached XP level 1. HP: 19/19 MP: 0/0
   173 | D:1      | Reached XP level 2. HP: 25/27 MP: 1/1
   996 | D:2      | Reached XP level 3. HP: 26/34 MP: 2/2
  1041 | D:2      | Noticed Sigmund
  1058 | D:2      | Killed Sigmund
  1059 | D:2      | Reached skill level 5 in Fighting
  1059 | D:2      | Reached XP level 4. HP: 31/42 MP: 3/3
  1059 | D:2      | Reached XP level 5. HP: 35/48 MP: 4/4
  1222 | D:2      | Found a faded altar of an unknown god.
  2224 | D:3      | Reached skill level 1 in Dodging
  2354 | D:3      | Noticed Robin
  2393 | D:3      | Killed Robin
  2394 | D:3      | Reached skill level 5 in Armour
  2846 | D:4      | Reached XP level 6. HP: 51/56 MP: 5/5
  2945 | D:4      | Noticed a steam dragon
  2953 | D:4      | Engulfed by a steam dragon's steam

Illustrated notes

Levels and vault maps discovered:
D:1:      ebering_hopf_link, layout_loops_corners,
          nicolae_concentric_dashed_squares_wild
D:2:      layout_basic, hellmonk_ecumenical_altar_zigzags,
          minmay_misc_feat_pillars, uniq_sigmund
D:3:      layout_basic, uniq_robin
D:4:      layout_rooms, gammafunk_temple_overflow_pools,
          minmay_temple_entry_mini_moons, lightli_corner_chamber

Skill      XL: |  1  2  3  4  5 |
---------------+----------------+-----
Fighting       | 4 5 |  5.2
Armour         | 4 5 |  5.1
Long Blades    | 3 4 |  4.2
Shields        | 4 |  4.9
Dodging        | 1 |  1.1
Stealth        | |  0.1

Action                     |  1- 3 |  4- 6 || total
---------------------------+-------+-------++-------
  Melee: Long sword        |    69 |   118 ||   187
         Headbutt          |    10 |    16 ||    26
    Use: Scroll            |     2 |     8 ||    10
         Potion            |       |     4 ||     4
 Armour: Scale mail        |    31 |    50 ||    81
  Dodge: Dodged            |    42 |    41 ||    83
  Block: Buckler           |    27 |    62 ||    89
         Reflection        |       |     1 ||     1
